 Dungeon Crawl Stone Soup version 0.17-a0-1984-g55f5988 (webtiles) character file.

100 Maka the Twirler (level 4, -6/33 HPs)
             Began as a Demonspawn Gladiator on Oct 6, 2015.
             Mangled by an iguana (8 damage)
             ... on level 3 of the Dungeon.
             The game lasted 00:05:37 (1483 turns).

Maka the Twirler (Demonspawn Gladiator)             Turns: 1483, Time: 00:05:38

Health: -6/33      AC:  4    Str: 16    XL:     4   Next: 46%
Magic:  4/4        EV: 12    Int:  9    God:
Gold:   103        SH:  0    Dex: 14    Spells: 0 memorised, 3 levels left

rFire  . . .     SeeInvis .     a - +0 quarterstaff
rCold  . . .     Clarity  .     b - +0 leather armour
rNeg   . . .     SustAt   .     (no shield)
rPois  .         Gourm    .     c - +0 helmet
rElec  .         Spirit   .     (no cloak)
rCorr  .         Warding  .     (no gloves)
rMut   .         Stasis   .     (no boots)
MR     .....                    (no amulet)
Stlth  +.........               (no ring)
                                (no ring)

@: not resistant to hostile enchantments, very unstealthy
A: powered by death 1
a: no special abilities


You were on level 3 of the Dungeon.
You were not hungry.

You visited 1 branch of the dungeon, and saw 3 of its levels.

You collected 103 gold pieces.

Inventory:

Hand Weapons
 a - a +0 quarterstaff (weapon)
Missiles
 d - 3 throwing nets (quivered)
Armour
 b - a +0 leather armour (worn)
 c - a +0 helmet (worn)
 k - a +0 ring mail
Scrolls
 f - 4 scrolls of recharging {unknown}
 h - 6 scrolls of identify {unknown}
 i - 2 scrolls of magic mapping {unknown}
 l - 3 scrolls of remove curse {unknown}
 o - 2 scrolls of amnesia {unknown}
 p - a scroll of fog {unknown}
 s - a scroll of fear {unknown}
Potions
 j - 2 potions of lignification {unknown}
 m - a potion of resistance {unknown}
Books
 q - a book of Conjurations

   Spells                             Type                      Level
   a - Magic Dart                     Conjuration                  1
   b - Searing Ray                    Conjuration                  2
   c - Dazzling Spray                 Conjuration/Hexes            3
   d - Fulminant Prism                Conjuration/Hexes            4
   e - Iskenderun's Mystic Blast      Conjuration                  4
   f - Iskenderun's Battlesphere      Conjuration/Charms           5
Comestibles
 e - 3 bread rations
 g - 4 fruits
 n - a slice of pizza
 r - a chunk of flesh


   Skills:
 - Level 2.0 Fighting
 + Level 4.8 Staves
 - Level 1.7 Throwing
 - Level 2.6 Dodging


You had 3 spell levels left.
You didn't know any spells.

Dungeon Overview and Level Annotations

Branches:
Dungeon (3/15)

Altars:
Vehumet


Innate Abilities, Weirdness & Mutations

You regenerate a little health from kills.


Message History

You see here a ball python corpse.
An iguana comes into view.
The iguana hisses angrily.
You feel less regenerative.
The iguana bites you but does no damage.
Found 2 lumpy pink potions.
You hit the iguana but do no damage. The iguana bites you!
You barely miss the iguana. The iguana bites you.
You hit the iguana.
The iguana is moderately wounded.
The iguana bites you.
You sock the iguana!
The iguana is almost dead.
The iguana bites you but does no damage.
You barely miss the iguana.
The iguana is almost dead.
The iguana bites you!
* * * LOW HITPOINT WARNING * * *
The iguana bites you!
You die...

######### #########........
#................ ###
#................ ..#
#........†#######
..#####.........###########
................@l.........
..#####.........####.......
..# #.........# ....... ..#
########### ....... ..#
##.#### ### !# ##### #
#...# ##...#############


You could see an iguana.

Vanquished Creatures
  Robin (D:3)
  2 adders
  2 worms (D:2)
  An orc (D:3)
  2 ball pythons
  4 bats
  4 giant cockroaches (D:1)
  14 goblins
  10 hobgoblins
  2 jackals (D:2)
  5 giant newts
  8 kobolds
  A quokka (D:2)
  3 rats
59 creatures vanquished.

Notes
Turn   | Place    | Note
--------------------------------------------------------------
     0 | D:1      | Maka the Demonspawn Gladiator began the quest for the Orb.
     0 | D:1      | Reached XP level 1. HP: 16/16 MP: 1/1
    53 | D:1      | Reached skill level 3 in Staves
   170 | D:1      | Gained mutation: You regenerate a little health from kills. [demonic ancestry]
   170 | D:1      | Reached XP level 2. HP: 17/22 MP: 2/2
   614 | D:1      | Reached XP level 3. HP: 27/27 MP: 3/3
   800 | D:2      | Reached skill level 4 in Staves
   804 | D:2      | Found a radiant altar of Vehumet.
  1265 | D:3      | Noticed Robin
  1278 | D:3      | Killed Robin
  1278 | D:3      | Reached XP level 4. HP: 26/33 MP: 4/4
  1480 | D:3      | HP: 1/33 [iguana (11)]
  1483 | D:3      | Mangled by an iguana

Vault maps used:
D:1:      ncdulo_watergridlock, st_stairs_14
D:2:      vehumet_crystals, minmay_misc_feat_plants
D:3:      portal_sewer_entry_b, lemuel_blue_sif_altar, uniq_robin

Action                   |  1- 3 |  4- 6 || total
-------------------------+-------+-------++-------
Melee: Quarterstaff      |   161 |    40 ||   201
  Eat: Chunk             |     1 |     1 ||     2
